 Dungeon Crawl Stone Soup version 0.28-a0-1312-g71652a0310 (webtiles) character file.

Game seed: 5960927695627001009

12973 Crownlay the Frost Mage (level 12, -24/89 HPs)
             Began as a Gnoll Ice Elementalist on Dec 27, 2021.
             Was a Follower of Uskayaw.
             Hit by a large rock thrown by a cyclops (35 damage)
             ... on level 11 of the Dungeon.
             The game lasted 00:39:00 (15909 turns).

Crownlay the Frost Mage (Gnoll Ice Elementalist)   Turns: 15909, Time: 00:39:01

Health: -24/89     AC:  9    Str:  7    XL:     12   Next: 1%
Magic:  31/33      EV: 17    Int: 19    God:    Uskayaw [*.....]
Gold:   309        SH:  0    Dex: 19    Spells: 13/28 levels left

rFire   . . .      SeeInvis .   K - +1 dagger (elec)
rCold   . . .      Faith    .   (no shield)
rNeg    + . .      Spirit   .   u - +1 robe of Dawn {rCorr Dex+4}
rPois   +          Reflect  .   H - +0 helmet
rElec   +          Harm     .   F - +2 ratskin cloak {*Rats rPois rN+ Str-1 Int-1 Dex+1}
rCorr   +          Rampage  .   x - +0 pair of gloves
Will    .....                   (no boots)
Stlth   ++++......              (no amulet)
HPRegen 0.24/turn               E - ring of wizardry
MPRegen 0.23/turn               M - ring of Zueg {rElec rPois MP+9 Int+2}

@: no status effects
A: fangs 1, strong nose, distributed training
a: Renounce Religion, Stomp


You were on level 11 of the Dungeon.
You worshipped Uskayaw.
Uskayaw was noncommittal.
You visited 2 branches of the dungeon, and saw 12 of its levels.

You collected 479 gold pieces.
You spent 170 gold pieces at shops.

Inventory:

Hand Weapons
 K - a +1 dagger of electrocution (weapon)
 L - a +3 trident
Missiles
 A - a boomerang of dispersal
 J - 2 silver boomerangs
Armour
 u - the +1 robe of Dawn (worn) {rCorr Dex+4}
   (You found it on level 5 of the Dungeon)

   Dex:       It affects your dexterity (+4).
   rCorr:     It protects you from acid and corrosion.
 x - a +0 pair of gloves (worn)
 F - the +2 ratskin cloak (worn) {*Rats rPois rN+ Str-1 Int-1 Dex+1}
   (You found it on level 8 of the Dungeon)

   When the wearer is hurt, rats may emerge from it to assist them.
   Str:       It affects your strength (-1).
   Int:       It affects your intelligence (-1).
   Dex:       It affects your dexterity (+1).
   rPois:     It protects you from poison.
   rN:        It protects you from negative energy.
 H - a +0 helmet (worn)
Jewellery
 a - a ring of flight
 E - a ring of wizardry (left hand)
 M - the ring of Zueg (right hand) {rElec rPois MP+9 Int+2}
   (You found it on level 10 of the Dungeon)

   [ring of magical power]

   Int:       It affects your intelligence (+2).
   rElec:     It insulates you from electricity.
   rPois:     It protects you from poison.
   MP:        It affects your magic capacity (+9).
Wands
 h - a wand of acid (5)
 v - a wand of iceblast (4)
 G - a wand of paralysis (5)
Scrolls
 b - 5 scrolls of teleportation
 d - 2 scrolls of blinking
 e - a scroll of amnesia {unknown}
 g - a scroll of silence {unknown}
 i - a scroll of identify
 k - a scroll of enchant weapon {unknown}
 n - a scroll of vulnerability {unknown}
 s - a scroll of noise {unknown}
 t - a scroll of enchant armour {unknown}
 y - a scroll of summoning {unknown}
 I - a scroll of fear {unknown}
Potions
 c - 2 potions of brilliance {unknown}
 f - 8 potions of curing
 l - a potion of berserk rage {unknown}
 m - a potion of degeneration {unknown}
 p - 2 potions of attraction {unknown}
 q - a potion of heal wounds
 r - 2 potions of haste {unknown}
 w - 4 potions of mutation {unknown}
 z - a potion of lignification {unknown}
 B - a potion of flight {unknown}
 C - 2 potions of resistance {unknown}


   Skills:
 + Level 6.8 Fighting
 + Level 6.8 Short Blades
 + Level 6.8 Long Blades
 + Level 6.8 Axes
 + Level 6.8 Maces & Flails
 + Level 6.8 Polearms
 + Level 6.8 Staves
 + Level 6.8 Slings
 + Level 6.8 Bows
 + Level 6.8 Crossbows
 + Level 6.8 Throwing
 + Level 6.8 Armour
 + Level 8.3 Dodging
 + Level 8.1 Stealth
 + Level 6.8 Shields
 + Level 6.8 Unarmed Combat
 + Level 8.5 Spellcasting
 + Level 5.6 Conjurations
 + Level 5.6 Hexes
 + Level 5.6 Summonings
 + Level 5.6 Necromancy
 + Level 5.6 Translocations
 + Level 5.6 Transmutations
 + Level 5.6 Fire Magic
 + Level 9.2 Ice Magic
 + Level 5.6 Air Magic
 + Level 5.6 Earth Magic
 + Level 5.6 Poison Magic
 + Level 7.5 Invocations
 + Level 6.8 Evocations


You had 13 spell levels left.
You knew the following spells:

 Your Spells              Type           Power      Damage    Failure   Level
a - Freeze                Ice            100%       1d11      1%          1
b - Frozen Ramparts       Ice            86%        1d10      1%          3
c - Ozocubu's Armour      Ice            43%        N/A       1%          3
d - Hailstorm             Conj/Ice       36%        3d9       1%          4
e - Ensorcelled Hibernat  Hex/Ice        72%        N/A       1%          2
f - Passwall              Tmut/Erth      24%        N/A       1%          2

Your spell library contained the following spells:

 Spells                   Type           Power      Damage    Failure   Level
 Sting                    Tmut/Pois      100%       1d8       1%          1
 Summon Small Mammal      Summ           100%       N/A       1%          1
 Poisonous Vapours        Pois/Air       58%        N/A       1%          2
 Scorch                   Fire           58%        2d8       1%          2
 Spider Form              Tmut/Pois      29%        N/A       1%          3
 Swiftness                Air            29%        N/A       1%          3
 Flame Wave               Conj/Fire      29%        2d6       3%          4
 Iskenderun's Mystic Bla  Conj/Tloc      29%        2d7       3%          4
 Olgreb's Toxic Radiance  Pois           29%        N/A       3%          4
 Metabolic Englaciation   Hex/Ice        18%        N/A       4%          5
 Manifold Assault         Tloc           29%        N/A       10%         5
 Simulacrum               Ice/Necr       18%        N/A       24%         6
 Summon Cactus Giant      Summ           14%        N/A       45%         6
 Spellforged Servitor     Conj/Summ      14%        N/A       94%         7


Dungeon Overview and Level Annotations

Branches:
Dungeon (11/15)            Temple (1/1) D:6            Lair (0/6) D:9
    Orc: D:9-12

Altars:
Ashenzari
Cheibriados
Dithmenos
Elyvilon
Fedhas
Gozag
Hepliaklqana
Kikubaaqudgha
Makhleb
Nemelex Xobeh
Okawaru
Qazlal
Ru
Sif Muna
Trog
Uskayaw
Vehumet
Wu Jian
Xom
Yredelemnul
Zin
The Shining One

Shops:
D:3 (*(   D:5 [(

Annotations:
D:6 exclusion: statue


Innate Abilities, Weirdness & Mutations

You have very sharp teeth.
Your uncanny sense of smell can sniff out nearby items.
Your experience applies equally to all skills.


Message History

The large slime creature is almost dead.
The wall freezes the large slime creature.
A large slime creature splits.
You hit the slime creature but do no damage.
Lightning courses through the slime creature!!
You kill the slime creature!
The frozen ramparts melt away.
You hit the slime creature.
Lightning courses through the slime creature!
You kill the slime creature!
You have reached level 12!
You feel stronger.
Your icy armour starts to melt.
Your icy armour evaporates.
Things that are here:
a +0 dagger; a curare-tipped dart; a kobold corpse
Found a stone staircase leading down.
Found a stone staircase leading up.
A cyclops comes into view.
Found 10 gold pieces.
The cyclops shouts!
The cyclops throws a large rock.
The large rock hits you!
You completely miss the cyclops. The cyclops hits you!!
Casting: Hailstorm (dangerous; 1% risk of failure)
Confirm with . or Enter, or press ? or * to list all spells.
You don't know that spell.
You freeze the cyclops!
The cyclops is lightly wounded.
You freeze the cyclops.
The cyclops is moderately wounded.
The cyclops barely misses you.
You freeze the cyclops.
The cyclops is moderately wounded.
The cyclops hits you!
You are too injured to fight recklessly!
You are too injured to fight recklessly!
The cyclops throws a large rock.
The large rock hits you!!
* * * LOW HITPOINT WARNING * * *
The cyclops throws a large rock.
The large rock hits you!!
You die...

##....... ......... .
#........ #... #........
#... # #........ #... #.
#........ #... #..
#......... #...
#..####@........... #...
#..................##...
###...C...................
..........................
....$....<...........##...
................# #..##...
.#..............# #..##...
#..............# #..##...
#.....?...####.# #..##...


You could see a cyclops.

Vanquished Creatures
  Harold (D:7)
  2 two-headed ogres
  Pikel (D:7)
  An elephant (D:9)
  A gargoyle (D:5)
  A kobold demonologist (D:11)
  Maggie (D:10)
  Grinder (D:3)
  3 slime creatures (D:11)
  22 yaks
  A wraith (D:9)
  A wyvern (D:9)
  A basilisk (D:9)
  An acid dragon (D:11)
  2 water moccasins
  4 orc warriors
  A hornet zombie (D:5)
  A sky beast (D:7)
  2 black bears
  4 ogres
  3 centaurs
  A lemure (D:7)
  A phantom (D:6)
  2 kobold brigands
  5 bullfrogs
  A wyvern zombie (D:7)
  A scorpion (D:7)
  A wyvern skeleton (D:7)
  2 water moccasin zombies (D:6)
  13 wights
  5 killer bees (D:10)
  7 electric eels
  3 howler monkeys (D:10)
  5 centaur zombies
  3 orc priests
  4 hounds
  Crazy Yiuf (D:2)
  3 bullfrog skeletons
  A jelly (D:7)
  4 iguanas
  A gnoll shaman (D:8)
  11 orc wizards
  A hell rat (D:8)
  A killer bee zombie (D:5)
  A howler monkey skeleton (D:7)
  A howler monkey zombie (D:9)
  5 gnolls (D:8)
  10 adders
  19 river rats (D:8)
  A shadow imp (D:8)
  A white imp (D:6)
  An adder zombie (D:5)
  An adder skeleton (D:5)
  3 worms
  3 dart slugs
  24 orcs
  9 ball pythons
  8 endoplasms
  A giant cockroach (D:1)
  15 goblins
  9 hobgoblins
  5 jackals
  A quokka (D:1)
  5 bats
  2 frilled lizards
  19 kobolds
  9 rats
285 creatures vanquished.

Vanquished Creatures (collateral kills)
  An orc (D:8)
1 creature vanquished.

Vanquished Creatures (others)
  2 fungi (D:9)
  4 plants
6 creatures vanquished.

Grand Total: 292 creatures vanquished

Notes
Turn   | Place    | Note
-------+----------+-------------------------------------------
     0 | D:1      | Crownlay the Gnoll Ice Elementalist began the quest for the
                  | Orb.
     0 | D:1      | Reached XP level 1. HP: 13/13 MP: 6/6
   285 | D:1      | Reached XP level 2. HP: 19/19 MP: 5/7
  1079 | D:1      | Reached XP level 3. HP: 25/25 MP: 9/9
  1095 | D:1      | Reached skill level 5 in Spellcasting
  1099 | D:1      | Learned a level 3 spell: Frozen Ramparts
  1103 | D:1      | Learned a level 3 spell: Ozocubu's Armour
  1502 | D:2      | Reached skill level 1 in Invocations
  1653 | D:2      | Reached skill level 1 in Fighting
  1653 | D:2      | Reached skill level 1 in Short Blades
  1653 | D:2      | Reached skill level 1 in Long Blades
  1653 | D:2      | Reached skill level 1 in Axes
  1653 | D:2      | Reached skill level 1 in Maces & Flails
  1653 | D:2      | Reached skill level 1 in Polearms
  1653 | D:2      | Reached skill level 1 in Staves
  1653 | D:2      | Reached skill level 1 in Slings
  1653 | D:2      | Reached skill level 1 in Bows
  1653 | D:2      | Reached skill level 1 in Crossbows
  1653 | D:2      | Reached skill level 1 in Throwing
  1653 | D:2      | Reached skill level 1 in Armour
  1653 | D:2      | Reached skill level 1 in Shields
  1653 | D:2      | Reached skill level 1 in Unarmed Combat
  1653 | D:2      | Reached skill level 1 in Evocations
  1661 | D:2      | Reached XP level 4. HP: 26/32 MP: 1/11
  2339 | D:2      | Reached skill level 1 in Conjurations
  2339 | D:2      | Reached skill level 1 in Hexes
  2339 | D:2      | Reached skill level 1 in Summonings
  2339 | D:2      | Reached skill level 1 in Necromancy
  2339 | D:2      | Reached skill level 1 in Translocations
  2339 | D:2      | Reached skill level 1 in Transmutations
  2339 | D:2      | Reached skill level 1 in Fire Magic
  2339 | D:2      | Reached skill level 1 in Air Magic
  2339 | D:2      | Reached skill level 1 in Earth Magic
  2339 | D:2      | Reached skill level 1 in Poison Magic
  2440 | D:2      | Found a runed translucent door.
  2441 | D:2      | Noticed Crazy Yiuf
  2449 | D:2      | Killed Crazy Yiuf
  2450 | D:2      | Reached XP level 5. HP: 34/37 MP: 5/12
  2905 | D:3      | Found a glowing silver altar of Zin.
  2968 | D:3      | Noticed Grinder
  3002 | D:3      | Paralysed by Grinder for 2 turns
  3014 | D:3      | Killed Grinder
  3015 | D:3      | Reached skill level 5 in Dodging
  3015 | D:3      | Reached XP level 6. HP: 33/44 MP: 5/14
  3130 | D:3      | Found Laupn's General Store.
  3138 | D:3      | Bought a scroll of identify for 26 gold pieces
  3231 | D:3      | Found Wesishr Geza's Antique Weapon Emporium.
  3406 | D:3      | Found a blossoming altar of Fedhas.
  3614 | D:3      | Found Keutuovo's Weapon Emporium.
  4077 | D:4      | Found an ornate altar of the Wu Jian Council.
  4077 | D:4      | Found a white marble altar of Elyvilon.
  4639 | D:5      | Entered Level 5 of the Dungeon
  4656 | D:5      | Reached XP level 7. HP: 50/50 MP: 9/15
  4734 | D:5      | Noticed a gargoyle
  4745 | D:5      | Killed a gargoyle
  4746 | D:5      | Reached skill level 5 in Stealth
  4747 | D:5      | Reached XP level 8. HP: 38/57 MP: 10/16
  5356 | D:3      | Bought a +1 dagger of electrocution for 144 gold pieces
  5398 | D:5      | Found Omoaz's Antique Weapon Boutique.
  5400 | D:5      | Identified the +1 robe of Dawn {rCorr Dex+4}
  5846 | D:5      | Found Hubrir's Armour Shoppe.
  7367 | D:6      | Found a staircase to the Ecumenical Temple.
  7376 | Temple   | Entered the Ecumenical Temple
  7649 | D:6      | Reached XP level 9. HP: 20/62 MP: 10/18
  8152 | D:6      | Found a radiant altar of Vehumet.
  8967 | D:7      | Reached skill level 8 in Ice Magic
  9281 | D:7      | Found a hide-covered altar of Uskayaw.
  9290 | D:7      | Became a worshipper of Uskayaw the Reveller
  9336 | D:7      | Reached * piety under Uskayaw
  9442 | D:7      | Reached ** piety under Uskayaw
  9989 | D:7      | Noticed Harold
 10009 | D:7      | HP: 3/66 [Harold (4)]
 10014 | D:7      | Reached *** piety under Uskayaw
 10016 | D:7      | Reached skill level 5 in Invocations
 10016 | D:7      | Killed Harold
 10016 | D:7      | Reached **** piety under Uskayaw
 10017 | D:7      | Reached XP level 10. HP: 45/73 MP: 7/20
 10242 | D:7      | Learned a level 4 spell: Hailstorm
 10643 | D:7      | Noticed Pikel
 10657 | D:7      | Killed Pikel
 10658 | D:7      | Reached skill level 5 in Fighting
 10658 | D:7      | Reached skill level 5 in Short Blades
 10658 | D:7      | Reached skill level 5 in Long Blades
 10658 | D:7      | Reached skill level 5 in Axes
 10658 | D:7      | Reached skill level 5 in Maces & Flails
 10658 | D:7      | Reached skill level 5 in Polearms
 10658 | D:7      | Reached skill level 5 in Staves
 10658 | D:7      | Reached skill level 5 in Slings
 10658 | D:7      | Reached skill level 5 in Bows
 10658 | D:7      | Reached skill level 5 in Crossbows
 10658 | D:7      | Reached skill level 5 in Throwing
 10658 | D:7      | Reached skill level 5 in Armour
 10658 | D:7      | Reached skill level 5 in Shields
 10658 | D:7      | Reached skill level 5 in Unarmed Combat
 10658 | D:7      | Reached skill level 5 in Evocations
 11206 | D:8      | Found a sacrificial altar of Ru.
 11251 | D:8      | Noticed a two-headed ogre
 11259 | D:8      | Killed a two-headed ogre
 11386 | D:8      | Learned a level 2 spell: Ensorcelled Hibernation
 11532 | D:8      | Reached ***** piety under Uskayaw
 11685 | D:8      | Found the +2 ratskin cloak {*Rats rPois rN+ Str-1 Int-1
                  | Dex+1}
 11705 | D:8      | Reached ****** piety under Uskayaw
 12842 | D:9      | Noticed an elephant
 12844 | D:9      | Reached XP level 11. HP: 78/81 MP: 12/22
 13081 | D:9      | Reached skill level 5 in Conjurations
 13081 | D:9      | Reached skill level 5 in Hexes
 13081 | D:9      | Reached skill level 5 in Summonings
 13081 | D:9      | Reached skill level 5 in Necromancy
 13081 | D:9      | Reached skill level 5 in Translocations
 13081 | D:9      | Reached skill level 5 in Transmutations
 13081 | D:9      | Reached skill level 5 in Fire Magic
 13081 | D:9      | Reached skill level 5 in Air Magic
 13081 | D:9      | Reached skill level 5 in Earth Magic
 13081 | D:9      | Reached skill level 5 in Poison Magic
 13514 | D:9      | Found a staircase to the Lair.
 13522 | D:9      | Noticed a two-headed ogre
 13530 | D:9      | Killed a two-headed ogre
 14418 | D:9      | Found a hazy altar of Hepliaklqana.
 14468 | D:10     | Entered Level 10 of the Dungeon
 14728 | D:10     | Reached skill level 9 in Ice Magic
 15100 | D:10     | Noticed Maggie
 15110 | D:10     | Killed Maggie
 15212 | D:10     | Found a sparkling altar of Nemelex Xobeh.
 15291 | D:10     | Noticed a cyclops
 15291 | D:10     | Noticed a storm dragon
 15292 | D:10     | Noticed a centaur warrior
 15432 | D:10     | Noticed a deep elf pyromancer
 15435 | D:10     | Noticed a six-headed hydra
 15436 | D:10     | Noticed an ogre mage
 15446 | D:10     | Learned a level 2 spell: Passwall
 15453 | D:10     | Got Sif Muna's Reference Book on Dislocated Creation
 15461 | D:10     | Identified the ring of Zueg {rElec rPois MP+9 Int+2}
 15801 | D:11     | Reached XP level 12. HP: 86/89 MP: 20/24
 15909 | D:11     | Hit by a large rock thrown by a cyclops

Illustrated notes

Levels and vault maps discovered:
D:1:      minmay_arrival_stone_box, layout_basic
D:2:      layout_rooms, uniq_crazy_yiuf_cottage
D:3:      layout_basic, fedhas_altar_2, old_standard_altar, serial_shops,
          nicolae_shop_bloodbath_and_beyond, shop, shop, uniq_grinder
D:4:      layout_loops_ring, gammafunk_temple_overflow_pools
D:5:      minmay_spotlight, layout_layer_cave, serial_shops, shop_statue,
          hangedman_decor_slide_cut, nicolae_stop_n_shop_1
D:6:      layout_basic, vehumet_statue, minmay_temple_entry_sparse_star
D:7:      corexii_shack_village, layout_basic, eat_drink_and_be_merry_uskayaw,
          serial_bayou_pond_b, serial_park_tiny_pond, uniq_pikel, uniq_harold
D:8:      wander_guarded_unrand_ratskin, layout_rooms, old_standard_altar,
          minmay_statues_item, hangedman_abyss_or_decor_stagger
D:9:      layout_basic, worldfamousw_hep_ancestral_shrine, david_lair_generic,
          minmay_misc_feat_encased
D:10:     layout_loops_cross, nemelex_xobeh_ov_fountains_minmay,
          onia_ninara_dug_in_and_dangerous, uniq_maggie
D:11:     layout_long_grid, chequers_serial_rivers_marsh, st_stairs_11
Temple:   dshaligram_water_room_temple

Skill      XL: |  1  2  3  4  5  6  7  8  9 10 11 |
---------------+----------------------------------+-----
Spellcasting   | 5 6 7 8 |  8.5
Invocations    | 1 2 3 4 5 6 7 |  7.5
Fighting       | 1 2 3 4 5 6 |  6.8
Short Blades   | 1 2 3 4 5 6 |  6.8
Long Blades    | 1 2 3 4 5 6 |  6.8
Axes           | 1 2 3 4 5 6 |  6.8
Maces & Flails | 1 2 3 4 5 6 |  6.8
Polearms       | 1 2 3 4 5 6 |  6.8
Staves         | 1 2 3 4 5 6 |  6.8
Slings         | 1 2 3 4 5 6 |  6.8
Bows           | 1 2 3 4 5 6 |  6.8
Crossbows      | 1 2 3 4 5 6 |  6.8
Throwing       | 1 2 3 4 5 6 |  6.8
Armour         | 1 2 3 4 5 6 |  6.8
Shields        | 1 2 3 4 5 6 |  6.8
Unarmed Combat | 1 2 3 4 5 6 |  6.8
Evocations     | 1 2 3 4 5 6 |  6.8
Conjurations   | 1 2 3 4 5 |  5.6
Hexes          | 1 2 3 4 5 |  5.6
Summonings     | 1 2 3 4 5 |  5.6
Necromancy     | 1 2 3 4 5 |  5.6
Translocations | 1 2 3 4 5 |  5.6
Transmutations | 1 2 3 4 5 |  5.6
Fire Magic     | 1 2 3 4 5 |  5.6
Air Magic      | 1 2 3 4 5 |  5.6
Earth Magic    | 1 2 3 4 5 |  5.6
Poison Magic   | 1 2 3 4 5 |  5.6
Dodging        | 5 6 7 8 |  8.3
Stealth        | 5 6 7 8 |  8.1
Ice Magic      | 8 9 |  9.2

Action                   |  1- 3 |  4- 6 |  7- 9 | 10-12 || total
-------------------------+-------+-------+-------+-------++-------
Melee: Flail             |    21 |     6 |       |   117 ||   144
       Bite              |     2 |     7 |    34 |    29 ||    72
       Whip              |       |    68 |    43 |       ||   111
       Dagger            |       |       |   206 |   196 ||   402
       Punch             |       |       |     5 |     8 ||    13
 Cast: Freeze            |    37 |    29 |       |    17 ||    83
       Frozen Ramparts   |     1 |     7 |    29 |    47 ||    84
       Ozocubu's Armour  |     1 |     3 |    26 |    26 ||    56
       Hailstorm         |       |       |       |    26 ||    26
       Ensorcelled Hiber |       |       |       |     1 ||     1
       Passwall          |       |       |       |     2 ||     2
  Use: Scroll            |       |     1 |     3 |     2 ||     6
       Potion            |       |       |     5 |       ||     5
 Stab: Sleeping          |     2 |     2 |     6 |     9 ||    19
       Distracted        |       |     1 |       |       ||     1
       Paralysed         |       |       |     2 |    23 ||    25
Armor: Robe              |    12 |    14 |    82 |    92 ||   200
Dodge: Dodged            |    39 |    53 |   200 |   251 ||   543

Table legend: (Time is in decaauts)
 A = Elapsed time spent in this place.
 B = Non-inter-level travel time spent in this place.
 C = Inter-level travel time spent in this place.
 D = Time resting spent in this place.
 E = Time spent auto-exploring this place.
 F = Levels seen in this place.
 G = Mean time per level.
                   A        B        C        D        E       F      G
               +--------+--------+--------+--------+--------+-----+--------+
         Total |  15907 |  15336 |    571 |    422 |  12389 |  12 | 1325.6 |
       Dungeon |  15722 |  15151 |    571 |    422 |  12289 |  11 | 1429.3 |
        Temple |    184 |    184 |      0 |      0 |    100 |   1 |  184.0 |
               +--------+--------+--------+--------+--------+-----+--------+

Top non-repeatable levels by time:
     D:7: 2379 daAuts
     D:9: 2258 daAuts
     D:5: 1913 daAuts
     D:6: 1644 daAuts
     D:1: 1505 daAuts
     D:3: 1252 daAuts
     D:8: 1240 daAuts
     D:2: 1139 daAuts
     D:4: 1088 daAuts
    D:10: 960 daAuts
    D:11: 340 daAuts
  Temple: 184 daAuts
